AoeStats
← gabisan

Black Forest

509146704Analyzed
3v3 RM · 8d ago on Sep 25, 2026· 34m 22s· 6 players
Game mode
Random Map
Map size
Normal (6 player)
Population
200
Speed
Normal
Resources
Standard
Victory
Conquest
Starting age
Dark Age
Ending age
Imperial Age
RankedLock teamsTeams togetherTeam positionsShared explorationLock speedFull tech treeHidden civsTurbo modeCheats
Victory
Defeat
🇪🇸 Bulgarians · Spain
908
+16
🇪🇸 Mapuche · Spain
887
+17
🇩🇪 Britons · Germany
830
+18
🇷🇴 Turks · Romania
904
-17
🇷🇴 Romans · Romania
904
-17
🇷🇴 Spanish · Romania
901
-17
Thaminator
1:07 Loom
12:17 Feudal Age
14:50 Horse Collar
17:56 Castle Age
16:38 Double-Bit Axe
19:08 Bow Saw
19:02 Heavy Plow
21:55 Fletching
23:59 Stone Mining
26:56 Gold Mining
28:23 Bodkin Arrow
28:29 Padded Archer Armor
29:16 Ballistics
30:30 Forging
30:26 Town Watch
31:17 Wheelbarrow
33:42 Hand Cart
34:02 Leather Archer Armor
Lucas Grijander
0:46 Loom
14:56 Feudal Age
16:23 Wheelbarrow
16:51 Double-Bit Axe
16:50 Horse Collar
20:35 Castle Age
21:46 Hand Cart
21:17 Town Watch
21:50 Bow Saw
21:42 Heavy Plow
34:06 Imperial Age
32:58 Ballistics
32:33 Murder Holes
32:35 Stone Mining
32:40 Gold Mining
32:56 Squires
32:42 Gambesons
32:43 Arson
33:50 Forging
33:41 Scale Mail Armor
33:32 Fletching
Lucuman
8:00 Loom
10:57 Feudal Age
14:57 Castle Age
13:52 Double-Bit Axe
13:47 Horse Collar
16:37 Wheelbarrow
16:43 Forging
25:57 Town Watch
30:13 Iron Casting
33:38 Gold Mining
gabisan
0:28 Loom
13:25 Feudal Age
18:45 Castle Age
18:02 Stone Mining
18:59 Double-Bit Axe
highrisk
12:05 Feudal Age
13:53 Double-Bit Axe
16:29 Castle Age
16:24 Horse Collar
16:46 Gold Mining
20:22 Heavy Plow
21:33 Bow Saw
23:52 Wheelbarrow
30:36 Scale Mail Armor
30:46 Forging
30:49 Light Cavalry
31:39 Bloodlines
31:29 Husbandry
email_to_mihai
1:15 Loom
14:21 Feudal Age
21:21 Castle Age
19:51 Stone Mining
20:10 Double-Bit Axe
20:30 Horse Collar
20:58 Gold Mining
24:40 Wheelbarrow
24:27 Bow Saw
29:31 Hand Cart
33:11 Imperial Age
31:57 Fletching
32:09 Scale Mail Armor
32:49 Bodkin Arrow
33:01 Scale Barding Armor
33:07 Forging
32:57 Padded Archer Armor
33:32 Husbandry
33:43 Bloodlines
32:54 Light Cavalry
34:26 Conscription
33:31 Cavalier
Connection lost

Rejoining the realm…

Still unreachable

The connection could not be restored.

Session expired

The server has moved on; the page needs a fresh start.